| TOP OF THE 1ST |
|
Tacoma Rainiers batting - Pitching for Columbus Clippers : RHP Josh Hoeye
|
|
Pitching: RHP Josh Hoeye
|
|
|
Batting: RHB Rick Ellis
|
0-0: Ball 1-0: Called Strike 1-1: Fly out, F7 (Flyball, 7S, EV 91.2 MPH)
|
|
Batting: RHB Enrique Valdez
|
0-0: Ball 1-0: Ground out 5-3 (Groundball, 5, EV 89.4 MPH)
|
|
Batting: LHB Josh Pittman
|
0-0: Ball 1-0: Ball 2-0: Called Strike 2-1: Ball 3-1: SINGLE (Groundball, 4MD, EV 100.0 MPH)
|
|
Batting: LHB Ryan Lowe
|
0-0: Swinging Strike 0-1: Swinging Strike 0-2: Ball 1-2: Ball 2-2: Foul Ball, location: 2F 2-2: Ball 3-2: Base on Balls Josh Pittman to second
|
|
Batting: RHB Josh Ruhl
|
0-0: Called Strike 0-1: Called Strike 0-2: Strikes out swinging
|
| Top of the 1st over - 0 runs, 1 hit, 0 errors, 2 left on base; Tacoma 0 - Columbus 0 |
| BOTTOM OF THE 1ST |
|
Columbus Clippers batting - Pitching for Tacoma Rainiers : RHP Luis Castro
|
|
Pitching: RHP Luis Castro
|
|
|
Batting: RHB Chang-wei Jiang
|
0-0: Called Strike 0-1: Ground out 6-3 (Groundball, 6, EV 80.0 MPH)
|
|
Batting: LHB Corey Trevor
|
0-0: SINGLE (Groundball, 56S, EV 71.9 MPH) (infield hit)
|
|
Batting: LHB Jesus Lozano
|
0-0: Foul Ball, location: 2F 0-1: Ball 1-1: Ball 2-1: Foul Ball, location: 2F 2-2: Foul Ball, location: 2F 2-2: Ball 3-2: Fly out, F8 (Flyball, 8RM, EV 78.8 MPH)
|
|
Batting: LHB Jack Bell
|
0-0: Called Strike Corey Trevor steals 2nd base 0-1: Ball 1-1: Ball 2-1: Called Strike 2-2: Ground out 1-3 (Groundball, 13S, EV 68.8 MPH)
|
| Bottom of the 1st over - 0 runs, 1 hit, 0 errors, 1 left on base; Tacoma 0 - Columbus 0 |
| TOP OF THE 2ND |
|
Tacoma Rainiers batting - Pitching for Columbus Clippers : RHP Josh Hoeye
|
|
Batting: RHB Zach Downs
|
0-0: Called Strike 0-1: Foul Ball, location: 2F 0-2: Ball 1-2: Ball 2-2: Foul Ball, location: 2F 2-2: Strikes out swinging
|
|
Batting: RHB Chris Olheiser
|
0-0: Foul Ball, location: 2F 0-1: DOUBLE (Line Drive, 78M, EV 96.9 MPH)
|
|
Batting: RHB Max Schellekens
|
0-0: Ball 1-0: Called Strike 1-1: Fly out, F8 (Flyball, 89M, EV 94.4 MPH)
|
|
Batting: RHB Kagetoki Kawai
|
0-0: Swinging Strike 0-1: Swinging Strike 0-2: Ball 1-2: Ground out 6-3 (Groundball, 6, EV 90.6 MPH)
|
| Top of the 2nd over - 0 runs, 1 hit, 0 errors, 1 left on base; Tacoma 0 - Columbus 0 |
| BOTTOM OF THE 2ND |
|
Columbus Clippers batting - Pitching for Tacoma Rainiers : RHP Luis Castro
|
|
Batting: LHB Jim Keefe
|
0-0: Ground out 4-3 (Groundball, 4, EV 81.9 MPH)
|
|
Batting: RHB Eddie LaRose
|
0-0: Called Strike 0-1: Ball 1-1: Ball 2-1: Fly out, F8 (Flyball, 8RD, EV 101.2 MPH)
|
|
Batting: LHB Tyler Babbitt
|
0-0: Ball 1-0: Called Strike 1-1: Called Strike 1-2: Foul Ball, location: 2F 1-2: Foul Ball, location: 2F 1-2: Ball 2-2: Ball 3-2: Fly out, F7 (Flyball, 78M, EV 85.0 MPH)
|
| Bottom of the 2nd over - 0 runs, 0 hits, 0 errors, 0 left on base; Tacoma 0 - Columbus 0 |
| TOP OF THE 3RD |
|
Tacoma Rainiers batting - Pitching for Columbus Clippers : RHP Josh Hoeye
|
|
Batting: RHB Rick Ellis
|
0-0: Fly out, F8 (Flyball, 8LD, EV 90.0 MPH)
|
|
Batting: RHB Enrique Valdez
|
0-0: Ball 1-0: Called Strike 1-1: Foul Ball, location: 2F 1-2: Foul Ball, location: 2F 1-2: Fly out, F8 (Line Drive, 89M, EV 86.9 MPH)
|
|
Batting: LHB Josh Pittman
|
0-0: Ball 1-0: Called Strike 1-1: Ball 2-1: SINGLE (Groundball, 56D, EV 99.4 MPH)
|
|
Batting: LHB Ryan Lowe
|
0-0: Ball 1-0: Called Strike 1-1: Foul Ball, location: 2F 1-2: Ball Wild Pitch! Josh Pittman to second 2-2: Strikes out swinging
|
| Top of the 3rd over - 0 runs, 1 hit, 0 errors, 1 left on base; Tacoma 0 - Columbus 0 |
| BOTTOM OF THE 3RD |
|
Columbus Clippers batting - Pitching for Tacoma Rainiers : RHP Luis Castro
|
|
Batting: RHB Stephen Charbonneau
|
0-0: Ball 1-0: Ball 2-0: Called Strike 2-1: Fly out, F7 (Flyball, 7LM, EV 103.1 MPH)
|
|
Batting: RHB Josh Hoeye
|
0-0: Foul Ball, location: 2F 0-1: Foul Ball, location: 2F 0-2: Ball 1-2: Ball 2-2: Ball 3-2: Foul Ball, location: 2F 3-2: Ground out 5-3 (Groundball, 5L, EV 93.8 MPH)
|
|
Batting: RHB Chang-wei Jiang
|
0-0: Ball 1-0: Ball 2-0: Swinging Strike 2-1: Called Strike 2-2: SINGLE (Line Drive, 8LS, EV 91.9 MPH)
|
|
Batting: LHB Corey Trevor
|
0-0: Ball Chang-wei Jiang steals 2nd base (no throw) 1-0: Ball 2-0: SINGLE (Line Drive, 89S, EV 111.2 MPH) Chang-wei Jiang to third Runner from 3rd tries for Home, SAFE, throw by RF to home
|
|
Batting: LHB Jesus Lozano
|
0-0: Ball Corey Trevor steals 2nd base 1-0: Ground out U3 (Groundball, 3, EV 105.6 MPH)
|
| Bottom of the 3rd over - 1 run, 2 hits, 0 errors, 1 left on base; Tacoma 0 - Columbus 1 |
| TOP OF THE 4TH |
|
Tacoma Rainiers batting - Pitching for Columbus Clippers : RHP Josh Hoeye
|
|
Batting: RHB Josh Ruhl
|
0-0: Ground out 5-3 (Groundball, 5, EV 91.2 MPH)
|
|
Batting: RHB Zach Downs
|
0-0: Called Strike 0-1: Ball 1-1: Ground out 4-3 (Groundball, 4, EV 90.0 MPH)
|
|
Batting: RHB Chris Olheiser
|
0-0: Ball 1-0: Ball 2-0: Swinging Strike 2-1: Foul Ball, location: 2F 2-2: Fly out, F7 (Line Drive, 78M, EV 87.5 MPH)
|
| Top of the 4th over - 0 runs, 0 hits, 0 errors, 0 left on base; Tacoma 0 - Columbus 1 |
| BOTTOM OF THE 4TH |
|
Columbus Clippers batting - Pitching for Tacoma Rainiers : RHP Luis Castro
|
|
Batting: LHB Jack Bell
|
0-0: Called Strike 0-1: Foul Ball, location: 2F 0-2: SINGLE (Groundball, 56, EV 98.1 MPH)
|
|
Batting: LHB Jim Keefe
|
0-0: Called Strike 0-1: Ball 1-1: Foul Ball, location: 2F 1-2: Grounds into double play, 4-6-3 (Groundball, 4, EV 88.1 MPH)
|
|
Batting: RHB Eddie LaRose
|
0-0: Fly out, F7 (Flyball, 7LSF, EV 91.9 MPH)
|
| Bottom of the 4th over - 0 runs, 1 hit, 0 errors, 0 left on base; Tacoma 0 - Columbus 1 |
| TOP OF THE 5TH |
|
Tacoma Rainiers batting - Pitching for Columbus Clippers : RHP Josh Hoeye
|
|
Batting: RHB Max Schellekens
|
0-0: Ball 1-0: Ball 2-0: Called Strike 2-1: Ball 3-1: SINGLE (Line Drive, 56, EV 94.4 MPH)
|
|
Batting: RHB Kagetoki Kawai
|
0-0: Foul Ball, location: 2F 0-1: Foul Ball, location: 2F 0-2: Strikes out swinging
|
|
Batting: RHB Rick Ellis
|
0-0: Swinging Strike 0-1: Called Strike 0-2: Ball 1-2: Strikes out swinging
|
|
Batting: RHB Enrique Valdez
|
0-0: Called Strike 0-1: Ball 1-1: Swinging Strike 1-2: Foul Ball, location: 2F 1-2: Foul Ball, location: 2F 1-2: Strikes out swinging
|
| Top of the 5th over - 0 runs, 1 hit, 0 errors, 1 left on base; Tacoma 0 - Columbus 1 |
| BOTTOM OF THE 5TH |
|
Columbus Clippers batting - Pitching for Tacoma Rainiers : RHP Luis Castro
|
|
Batting: LHB Tyler Babbitt
|
0-0: Ball 1-0: Called Strike 1-1: Ball 2-1: Foul Ball, location: 2F 2-2: Fly out, F8 (Flyball, 8RM, EV 80.6 MPH)
|
|
Batting: RHB Stephen Charbonneau
|
0-0: Ball 1-0: Ball 2-0: Called Strike 2-1: Ground out 1-3 (Groundball, 34S, EV 66.9 MPH)
|
|
Batting: RHB Josh Hoeye
|
0-0: Called Strike 0-1: Ball 1-1: Swinging Strike 1-2: Strikes out swinging
|
| Bottom of the 5th over - 0 runs, 0 hits, 0 errors, 0 left on base; Tacoma 0 - Columbus 1 |
| TOP OF THE 6TH |
|
Tacoma Rainiers batting - Pitching for Columbus Clippers : RHP Josh Hoeye
|
|
Batting: LHB Josh Pittman
|
0-0: Ball 1-0: Ball 2-0: Ground out 4-3 (Groundball, 4, EV 98.1 MPH)
|
|
Batting: LHB Ryan Lowe
|
0-0: Called Strike 0-1: Called Strike 0-2: Ball 1-2: Ball 2-2: Ball 3-2: Fly out, F8 (Flyball, 8LD, EV 105.0 MPH)
|
|
Batting: RHB Josh Ruhl
|
0-0: Called Strike 0-1: Ball 1-1: Ball 2-1: Ball 3-1: Ground out 5-3 (Groundball, 5, EV 110.6 MPH)
|
| Top of the 6th over - 0 runs, 0 hits, 0 errors, 0 left on base; Tacoma 0 - Columbus 1 |
| BOTTOM OF THE 6TH |
|
Columbus Clippers batting - Pitching for Tacoma Rainiers : RHP Luis Castro
|
|
Batting: RHB Chang-wei Jiang
|
0-0: Ball 1-0: Foul Ball, location: 2F 1-1: Ball 2-1: Foul Ball, location: 2F 2-2: Foul Ball, location: 2F 2-2: Ball 3-2: Base on Balls
|
|
Batting: LHB Corey Trevor
|
0-0: Called Strike Chang-wei Jiang is caught stealing 2nd base 2-6 0-1: Reaches on Catchers interference
|
|
Batting: LHB Jesus Lozano
|
0-0: Ball 1-0: Called Strike 1-1: Ball 2-1: Ball 3-1: Base on Balls Corey Trevor to second
|
|
Batting: LHB Jack Bell
|
0-0: Called Strike Corey Trevor steals 3rd base (no throw) Jesus Lozano to second 0-1: Ball 1-1: Foul Ball, location: 2F 1-2: Ball 2-2: Foul Ball, location: 2F 2-2: Strikes out swinging
|
|
Pitching: RHP Bob Gilliam
|
|
|
Batting: LHB Jim Keefe
|
0-0: Ball 1-0: Swinging Strike 1-1: Foul Ball, location: 2F 1-2: Strikes out swinging
|
| Bottom of the 6th over - 0 runs, 0 hits, 1 error, 2 left on base; Tacoma 0 - Columbus 1 |
| TOP OF THE 7TH |
|
Tacoma Rainiers batting - Pitching for Columbus Clippers : RHP Josh Hoeye
|
|
Now at 2B: Jason Sher
|
|
|
Batting: RHB Zach Downs
|
0-0: Ground out 5-3 (Groundball, 56S, EV 69.4 MPH)
|
|
Batting: RHB Chris Olheiser
|
0-0: Ball 1-0: Ball 2-0: Ball 3-0: Called Strike 3-1: Fly out, F7 (Flyball, 7S, EV 86.2 MPH)
|
|
Batting: RHB Max Schellekens
|
0-0: Ball 1-0: Ground out 2-3 (Groundball, 2R, EV 72.5 MPH)
|
| Top of the 7th over - 0 runs, 0 hits, 0 errors, 0 left on base; Tacoma 0 - Columbus 1 |
| BOTTOM OF THE 7TH |
|
Columbus Clippers batting - Pitching for Tacoma Rainiers : RHP Bob Gilliam
|
|
Batting: RHB Eddie LaRose
|
0-0: Ball 1-0: Ball 2-0: Foul Ball, location: 2F 2-1: Ball 3-1: Called Strike 3-2: Base on Balls
|
|
Batting: LHB Tyler Babbitt
|
0-0: Bunt missed! 0-1: Bunt - Flyout to 15S! F1
|
|
Pinch Hitting: LHB Stu Sornson
|
0-0: Ball 1-0: Called Strike 1-1: Called Strike Eddie LaRose steals 2nd base 1-2: Strikes out swinging
|
|
Batting: RHB Josh Hoeye
|
0-0: Fly out, F9 (Flyball, 9, EV 88.8 MPH)
|
| Bottom of the 7th over - 0 runs, 0 hits, 0 errors, 1 left on base; Tacoma 0 - Columbus 1 |
| TOP OF THE 8TH |
|
Tacoma Rainiers batting - Pitching for Columbus Clippers : RHP Josh Hoeye
|
|
Now at SS: Scott Scott
|
|
|
Batting: RHB Kagetoki Kawai
|
0-0: Ball 1-0: Ball 2-0: SINGLE (Line Drive, 7LM, EV 98.8 MPH)
|
|
Batting: RHB Rick Ellis
|
0-0: Bunt missed! 0-1: Bunted foul 0-2: Ball 1-2: Grounds into double play, 4-6-3 (Groundball, 4, EV 88.8 MPH)
|
|
Batting: RHB Enrique Valdez
|
0-0: Ball 1-0: Ball 2-0: SOLO HOME RUN (Flyball, 7LD, EV 103.8 MPH), Distance : 385 ft
|
|
Batting: LHB Josh Pittman
|
0-0: Called Strike 0-1: Foul Ball, location: 2F 0-2: Ball 1-2: Ground out U3 (Groundball, 3, EV 85.0 MPH)
|
| Top of the 8th over - 1 run, 2 hits, 0 errors, 0 left on base; Tacoma 1 - Columbus 1 |
| BOTTOM OF THE 8TH |
|
Columbus Clippers batting - Pitching for Tacoma Rainiers : RHP Bob Gilliam
|
|
Pinch Hitting: LHB Tommy King
|
0-0: Ball 1-0: TRIPLE (Flyball, 7LM, EV 96.9 MPH)
|
|
Batting: LHB Corey Trevor
|
0-0: Intentional Walk
|
|
Pinch Hitting: LHB Costodio Varino
|
|
|
Pitching: LHP Rentaro Minami
|
0-0: Called Strike 0-1: Ball 1-1: Foul Ball, location: 2F 1-2: Ball 2-2: SINGLE (Groundball, 34D, EV 97.5 MPH) Tommy King scores Corey Trevor to second Runner from 2nd tries for 3rd, SAFE, throw by RF made to third Costodio Varino to second
|
|
Batting: LHB Jack Bell
|
0-0: Ball 1-0: Swinging Strike 1-1: Swinging Strike 1-2: Strikes out looking
|
|
Batting: LHB Jim Keefe
|
0-0: Called Strike 0-1: Called Strike 0-2: Ball 1-2: Ball 2-2: Fly out, F8 (Line Drive, 78D, EV 92.5 MPH) Runner from 3rd tags up, SCORES, no throw by CF
|
|
Batting: RHB Eddie LaRose
|
0-0: Foul Ball, location: 2F 0-1: Swinging Strike 0-2: Ball 1-2: Strikes out swinging
|
| Bottom of the 8th over - 2 runs, 2 hits, 0 errors, 1 left on base; Tacoma 1 - Columbus 3 |
| TOP OF THE 9TH |
|
Tacoma Rainiers batting - Pitching for Columbus Clippers : RHP Josh Hoeye
|
|
Pitching: RHP Chris Cohen
|
|
|
Now at 2B: Justin Barker
|
|
|
Now at 3B: Edwin Dominguez
|
|
|
Batting: LHB Ryan Lowe
|
0-0: Ball 1-0: Ball 2-0: Foul Ball, location: 2F 2-1: Foul Ball, location: 2F 2-2: Foul Ball, location: 2F 2-2: Ball 3-2: Ground out 5-3 (Groundball, 6, EV 92.5 MPH)
|
|
Batting: RHB Josh Ruhl
|
0-0: Ball 1-0: Foul Ball, location: 2F 1-1: Ground out 6-3 (Groundball, 6, EV 104.4 MPH)
|
|
Batting: RHB Zach Downs
|
0-0: Fly out, F7 (Flyball, 78S, EV 91.2 MPH)
|
| Top of the 9th over - 0 runs, 0 hits, 0 errors, 0 left on base; Tacoma 1 - Columbus 3 |
|